 Dungeon Crawl Stone Soup version 0.25.1-2-g60ff931df9 (webtiles) character file.

Game seed: 4260688897130530555

3347 Almogavar the Nimble (level 9, 37/46 HPs)
             Began as a Spriggan Warper on Sept 4, 2020.
             Was an Elder of the Shining One.
             Starved to death
             ... while paralysed
             ... on level 7 of the Dungeon.
             The game lasted 00:46:30 (12161 turns).

Almogavar the Nimble (Spriggan Warper)             Turns: 12161, Time: 00:46:30

Health: 37/46      AC:  3    Str:  8    XL:     9   Next: 72%
Magic:  14/14      EV:  4    Int: 14    God:    the Shining One [****..]
Gold:   330        SH:  0    Dex: 18    Spells: 14/14 levels left

rFire    . . .     SeeInvis +   s - +2 dagger (venom)
rCold    . . .     Gourm    .   (shield restricted)
rNeg     + + .     Faith    .   b - +0 robe
rPois    .         Spirit   .   (helmet restricted)
rElec    .         Reflect  .   A - +0 cloak
rCorr    .         Harm     .   (gloves unavailable)
MR       +....                  (boots unavailable)
Stlth    ++........             (no amulet)
HPRegen  0.15/turn              (no ring)
MPRegen  0.14/turn              (no ring)

@: paralysed, fainting, glowing, very quick
A: very small, unfitting armour, see invisible, herbivore, speed 3, slow
metabolism 2
a: Divine Shield, Cleansing Flame, Renounce Religion


You were on level 7 of the Dungeon.
You worshipped the Shining One.
The Shining One was greatly pleased with you.
You were fainting.

You visited 2 branches of the dungeon, and saw 8 of its levels.
You also visited: Ossuary.

You collected 330 gold pieces.

Inventory:

Hand Weapons
 a - a +0 short sword
 j - a +2 dagger of electrocution
 s - a +2 dagger of venom (weapon)
Missiles
 g - 81 sling bullets
 k - 159 stones
 u - 10 boomerangs (quivered)
Armour
 b - a +0 robe (worn)
 A - a +0 cloak (worn)
Jewellery
 E - an uncursed ring of positive energy
Wands
 F - a wand of acid (10)
Scrolls
 c - 7 scrolls of remove curse
 d - 2 scrolls of blinking
 e - 4 scrolls of teleportation
 f - a scroll of identify
 n - 5 scrolls of enchant weapon
 o - 2 scrolls of fear
 v - a scroll of magic mapping
 y - 5 scrolls of enchant armour
 z - a scroll of noise {unknown}
 B - a scroll of fog
 C - a scroll of amnesia
 G - a scroll of random uselessness {unknown}
Potions
 h - 2 potions of might {unknown}
 i - a potion of lignification
 l - a potion of heal wounds
 m - 3 potions of brilliance
 p - 4 potions of degeneration
 q - a potion of flight {unknown}
 r - a potion of stabbing {unknown}
 t - 6 potions of curing
 w - 3 potions of cancellation {unknown}
 x - a potion of magic {unknown}
 D - 3 potions of mutation {unknown}


   Skills:
 + Level 4.3 Fighting
 + Level 7.9 Short Blades
 + Level 7.0 Throwing
 + Level 11.0 Dodging
 + Level 5.3 Stealth
 + Level 3.0 Spellcasting
   Level 4.4 Translocations


You had 14 spell levels left.
You didn't know any spells.
Your spell library contained the following spells:

 Spells                   Type           Power        Failure   Level  Hunger
 Blink                    Tloc           N/A          5%          2    ##.....
 Gell's Gravitas          Tloc           ##........   11%         3    ###....
 Lesser Beckoning         Tloc           ##........   11%         3    ###....
 Teleport Other           Tloc           ##......     11%         3    ###....
 Shroud of Golubria       Chrm/Tloc      #.....       13%         2    ##.....
 Passage of Golubria      Tloc           N/A          34%         4    #####..


Dungeon Overview and Level Annotations

Branches:
Dungeon (7/15)             Temple (1/1) D:5         Ossuary (visited)

Altars:
Ashenzari
Dithmenos
Elyvilon
Fedhas
Gozag
Hepliaklqana
Kikubaaqudgha
Makhleb
Nemelex Xobeh
Okawaru
Qazlal
Ru
Sif Muna
Trog
Uskayaw
Vehumet
Wu Jian
Xom
Yredelemnul
Zin
The Shining One


Innate Abilities, Weirdness & Mutations

You are very small and have problems with some larger weapons.
You are too small for most types of armour.
You have supernaturally acute eyesight. (SInv)
You are a herbivore.
You cover ground extremely quickly.
You need to consume almost no food.


Message History

The hungry ghost is almost destroyed.
The hungry ghost hits you.
You feel slightly more hungry.
You closely miss the hungry ghost.
The hungry ghost is almost destroyed.
You hit the hungry ghost.
You destroy the hungry ghost!
The Shining One accepts your kill.
Your Throwing skill increases to level 7!
Your Dodging skill increases to level 11!
You lose consciousness!
You can move again.
You need to eat something NOW!
There is an open door here.
An ogre comes into view. It is wielding a +0 giant club.
Found a hide-covered altar of Uskayaw.
You lose consciousness!
You can move again.
You lose consciousness!
You have starved to death.
You die...

###...(..##.....##..#
*##......##....##*###
.........#......##
.................#
.................#
..............####
....###...#...########
##...##..###..##.....##
.##.......##....@.....#
.###†.....#..##.#.#..##
###.......##.##...#,*#
##........#.....#..###
..........#....###...#
.##.........##...#...#
###.#.....#.##.......#
##.......###.........#
.##.#..#.###........##


There were no monsters in sight!

Vanquished Creatures
  Sigmund (D:6)
  2 hungry ghosts (D:7)
  Duvessa (D:6)
  2 orc warriors
  3 phantoms
  An ice beast (D:7)
  3 centaurs
  4 bullfrogs
  A gnoll sergeant (D:6)
  Dowan (D:6)
  A water moccasin zombie (Ossuary)
  8 killer bees
  3 crimson imps
  A howler monkey (D:4)
  A centaur zombie (D:7)
  3 bullfrog zombies
  3 hounds
  3 orc priests
  An orc wizard (D:3)
  2 centaur skeletons
  2 jellies (D:5)
  3 worker ants
  6 big kobold zombies (Ossuary)
  2 killer bee zombies
  2 mummies (Ossuary)
  9 gnolls
  10 adders
  3 shadow imps
  An ooze (D:1)
  3 adder skeletons
  8 adder zombies
  2 worms
  3 leopard geckos
  14 orcs
  3 ball pythons
  7 giant cockroaches
  A gnoll zombie (Ossuary)
  6 goblins
  6 hobgoblins
  4 iguanas
  9 jackals
  4 quokkas
  11 bats
  11 frilled lizards
  2 hobgoblin zombies (Ossuary)
  A jackal zombie (D:6)
  9 kobolds
  6 kobold zombies (Ossuary)
  4 orc zombies (Ossuary)
  12 rats
209 creatures vanquished.

Notes
Turn   | Place    | Note
-------+----------+-------------------------------------------
     0 | D:1      | Almogavar the Spriggan Warper began the quest for the Orb.
     0 | D:1      | Reached XP level 1. HP: 10/10 MP: 5/5
   185 | D:1      | Reached XP level 2. HP: 14/14 MP: 6/6
   310 | D:1      | Reached skill level 4 in Dodging
   903 | D:1      | Reached XP level 3. HP: 7/18 MP: 8/8
  1482 | D:2      | Found a shadowy altar of Dithmenos.
  1668 | D:2      | Reached skill level 1 in Stealth
  2257 | D:3      | Reached XP level 4. HP: 22/23 MP: 9/9
  2355 | D:3      | Reached skill level 5 in Dodging
  3239 | D:4      | Noticed a phantom
  3552 | D:3      | Reached XP level 5. HP: 20/26 MP: 10/10
  4769 | D:4      | Killed a phantom
  4769 | D:4      | Reached XP level 6. HP: 4/32 MP: 11/11
  5068 | D:4      | Found an iron altar of Okawaru.
  5576 | D:5      | Entered Level 5 of the Dungeon
  5577 | D:5      | Reached skill level 5 in Short Blades
  5599 | D:5      | Reached skill level 6 in Dodging
  5930 | D:5      | Reached XP level 7. HP: 7/35 MP: 12/12
  6233 | D:5      | Found a shimmering altar of Xom.
  6483 | D:5      | Found a staircase to the Ecumenical Temple.
  6497 | Temple   | Entered the Ecumenical Temple
  6853 | Temple   | Became a worshipper of the Shining One
  7491 | D:6      | Found a sparkling altar of Nemelex Xobeh.
  7699 | D:6      | Noticed Sigmund
  7873 | D:6      | Found a stormy altar of Qazlal.
  7885 | D:6      | Reached skill level 7 in Dodging
  7913 | D:6      | Reached * piety under the Shining One
  7919 | D:6      | Reached XP level 8. HP: 40/40 MP: 13/13
  8275 | D:6      | Noticed Dowan
  8277 | D:6      | Noticed Duvessa
  8320 | D:6      | Killed Duvessa
  8320 | D:6      | Reached skill level 8 in Dodging
  8608 | D:6      | Killed Dowan
  8896 | D:6      | Killed Sigmund
  8896 | D:6      | Reached skill level 5 in Throwing
  9250 | D:6      | Reached skill level 5 in Stealth
  9624 | D:6      | Reached XP level 9. HP: 24/45 MP: 14/14
  9936 | D:7      | Reached ** piety under the Shining One
 10023 | D:6      | Reached skill level 9 in Dodging
 10475 | D:7      | Found a sand-covered staircase.
 10482 | Ossuary  | Entered an ossuary
 10865 | Ossuary  | Reached *** piety under the Shining One
 11103 | Ossuary  | Reached **** piety under the Shining One
 11368 | D:7      | Reached skill level 10 in Dodging
 11403 | D:7      | HP: 1/45 [ice beast (14)]
 11451 | D:7      | HP: 2/45 [hungry ghost (3)]
 12012 | D:7      | Found a glowing silver altar of Zin.
 12015 | D:7      | Found an ancient bone altar of Kikubaaqudgha.
 12017 | D:7      | Found a burning altar of Makhleb.
 12018 | D:7      | Found a basalt altar of Yredelemnul.
 12019 | D:7      | Found a radiant altar of Vehumet.
 12019 | D:7      | Found a shattered altar of Ashenzari.
 12019 | D:7      | Found a bloodstained altar of Trog.
 12034 | D:7      | Found a glowing golden altar of the Shining One.
 12077 | D:7      | Reached skill level 11 in Dodging
 12078 | D:7      | Paralysed by fainting for 10 turns
 12105 | D:7      | Found a hide-covered altar of Uskayaw.
 12146 | D:7      | Paralysed by fainting for 6 turns
 12156 | D:7      | Paralysed by fainting for 8 turns
 12161 | D:7      | Starved to death

Illustrated notes

Levels and vault maps discovered:
D:1:      lemuel_arrival_broad_hall, layout_basic
D:2:      layout_loops_cross, lemuel_doored_altar
D:3:      layout_basic, first_ration
D:4:      layout_rooms, old_standard_altar, portal_sewer_entry_b,
          grunt_ministairs_5, minmay_misc_feat_pillars, minmay_bisected
D:5:      layout_rooms, minmay_temple_entry_gardened_gates, dk_xom_monty_hall
D:6:      minmay_recursive_quarters, layout_rooms,
          nemelex_xobeh_ov_fountains_minmay, grunt_qazlal_clouds, uniq_duvessa,
          uniq_sigmund
D:7:      layout_cave_pools, grunt_temple_overflow_open, enter_ossuary_1,
          nicolae_tso_swordbearing_angel
Temple:   compressed_dpeg_triangle_lava_temple

Skill      XL: |  1  2  3  4  5  6  7  8  9 |
---------------+----------------------------+-----
Spellcasting   | 3 |  3.0
Dodging        | 4 5 6 7 8 11 | 11.0
Stealth        | 1 2 3 4 5 |  5.3
Short Blades   | 3 4 5 6 7 |  7.9
Fighting       | 2 3 4 |  4.3
Throwing       | 3 6 7 |  7.0
Translocations | |  4.4

Action                   |  1- 3 |  4- 6 |  7- 9 || total
-------------------------+-------+-------+-------++-------
Melee: Short sword       |    98 |    15 |       ||   113
       Dagger            |    68 |   185 |   775 ||  1028
Throw: Boomerang         |     5 |    43 |   201 ||   249
  Use: Scroll            |     5 |     2 |     4 ||    11
       Potion            |       |       |     5 ||     5
 Stab: Sleeping          |     2 |     3 |       ||     5
  Eat: Ration            |       |     2 |     3 ||     5
Armor: Robe              |    21 |    12 |    26 ||    59
Dodge: Dodged            |   144 |   139 |   642 ||   925
